Map: Ley Lines

Players

Serral - Winner!

  • Race: Zerg Zerg
  • League: Master
  • Spawn Location: 1:00

Harstem

  • Race: Protoss Protoss
  • League: Grandmaster
  • Spawn Location: 7:00

Event: HomeStory Cup XXVI

VOD

Have the link to the VOD?

Description

Time

  • Played on: Nov. 30, 2024, 4:20 p.m.
  • Length: 11:09

All games in this series

Show
View Real Time Build Order
Export as new Build Order

Serral Zerg - Winner!

Build Orders: Hatch First, Lurkers, Roach Hydra 

Get SALT Encoding   

  12  0:00  Drone  
  13  0:07  Drone  
  14  0:16  Overlord  
  14  0:37  Drone  
  14  0:42  Hatchery  
  14  0:46  Drone  
  14  0:49  Drone  
  16  0:53  Drone  
  17  0:59  Drone  
  18  1:07  Extractor  
  17  1:13  Spawning Pool  
  17  1:16  Drone  
  17  1:20  Drone  
  18  1:31  Drone  
  19  1:44  Drone  
  20  1:52  Overlord  
  21  1:54  Drone  
  21  1:59  Queen x2  
  25  2:03  Zergling x2  
  25  2:05  Zergling x2  
  27  2:14  Drone  
  27  2:15  Metabolic Boost  
  28  2:17  Drone  
  29  2:25  Drone  
  30  2:30  Drone  
  30  2:36  Hatchery  
  30  2:39  Drone  
  30  2:42  Overlord  
  31  2:50  Queen  
  33  2:56  Drone  
  33  2:57  Drone  
  33  2:58  Drone  
  36  3:00  Drone  
  37  3:07  Overlord  
  37  3:09  Drone x3  
  37  3:12  Drone  
  41  3:18  Queen  
  43  3:21  Drone  
  43  3:25  Spore Crawler  
  43  3:26  Drone  
  44  3:32  Drone x2  
  46  3:35  Queen  
  46  3:40  Overlord  
  48  3:41  Zergling x2  
  48  3:44  Drone x2  
  48  3:47  Drone  
  52  3:51  Spore Crawler  
  52  3:52  Drone x2  
  53  3:58  Zergling x2  
  53  3:59  Overlord  
  53  4:00  Drone x2  
  53  4:02  Drone  
  57  4:06  Overlord  
  57  4:09  Drone  
  58  4:13  Drone x4  
  62  4:17  Drone  
  62  4:19  Drone  
  62  4:21  Drone  
  65  4:27  Zergling x2  
  65  4:29  Drone  
  67  4:32  Extractor  
  67  4:33  Drone  
  67  4:34  Roach Warren  
  67  4:38  Zergling x2  
  67  4:41  Drone  
  67  4:42  Drone x5  
  67  4:44  Lair  
  67  4:45  Drone x2  
  75  4:49  Overlord  
  75  4:50  Zergling x2  
  75  4:51  Zergling x4  
  75  4:52  Drone  
  79  4:57  Hatchery  
  79  4:58  Drone  
  79  4:59  Overlord  
  79  5:03  Drone  
  79  5:05  Extractor  
  79  5:07  Spore Crawler  
  79  5:08  Drone  
  79  5:09  Evolution Chamber  
  79  5:10  Queen  
  80  5:18  Zergling x4  
  80  5:20  Zergling x4  
  84  5:24  Zergling x6  
  84  5:25  Hatchery  
  84  5:27  Overlord  
  86  5:29  Zergling x6  
  86  5:30  Overlord  
  86  5:33  Overlord  
  89  5:36  Zerg Melee Weapons Level 1  
  89  5:43  Glial Reconstitution  
  89  5:47  Roach x4  
  96  5:53  Roach  
  96  5:54  Roach x5  
  107  5:59  Zergling x6  
  107  6:02  Zergling x4  
  110  6:06  Overlord  
  110  6:08  Queen x2  
  112  6:13  Zergling x6  
  112  6:17  Drone  
  112  6:18  Drone x3  
  117  6:20  Drone  
  117  6:25  Drone  
  117  6:28  Drone x2, Infestation Pit  
  117  6:32  Overlord  
  118  6:35  Drone  
  118  6:38  Drone x2  
  117  6:41  Drone x2  
  117  6:43  Drone x3  
  117  6:44  Drone  
  113  6:55  Drone x5  
  113  6:56  Extractor  
  113  6:57  Hydralisk Den, Drone x2  
  113  7:01  Drone x4, Extractor x2  
  116  7:05  Hive  
  116  7:06  Drone x2  
  122  7:13  Overlord  
  122  7:16  Drone x2  
  122  7:17  Drone x3  
  122  7:19  Overlord x2  
  122  7:20  Extractor x2  
  125  7:25  Hydralisk x6  
  136  7:30  Muscular Augments  
  136  7:31  Zerg Missile Weapons Level 1  
  136  7:36  Spine Crawler  
  135  7:40  Zergling x6, Lurker Den  
  135  7:41  Zergling x10  
  142  7:48  Drone x3  
  142  7:50  Drone x2  
  145  7:52  Extractor  
  145  7:53  Overlord, Hydralisk x2  
  145  7:54  Zergling x12  
  145  7:55  Pneumatized Carapace  
  145  7:56  Overseer  
  145  7:58  Overlord  
  154  8:00  Overlord  
  154  8:04  Drone x3  
  157  8:07  Zergling x8, Extractor  
  157  8:12  Zergling x6  
  163  8:13  Zergling x6  
  166  8:20  Overlord x2  
  166  8:21  Adrenal Glands  
  166  8:23  Hydralisk  
  166  8:24  Zergling x4  
  166  8:25  Drone  
  171  8:33  Drone  
  172  8:35  Zergling x8  
  172  8:37  Seismic Spines  
  172  8:38  Lurker x6  
  172  8:39  Overseer  
  182  8:43  Zergling x10  
  184  8:51  Hatchery  
  184  8:53  Spire  
  178  8:58  Overseer x2  
  178  9:01  Hydralisk x3  
  184  9:04  Drone x4  
  184  9:08  Spore Crawler  
  187  9:10  Lurker x3  
  187  9:13  Spore Crawler  
  187  9:16  Drone  
  187  9:17  Drone, Evolution Chamber  
  187  9:18  Drone  
  184  9:26  Drone x2  
  184  9:27  Lurker x3  
  184  9:28  Spine Crawler  
  184  9:29  Spine Crawler  
  184  9:30  Grooved Spines  
  187  9:32  Zergling x14  
  187  9:33  Drone  
  187  9:34  Drone  
  187  9:37  Overlord  
  187  9:38  Overlord  
  196  9:42  Overlord  
  194  9:46  Drone x4  
  196  9:53  Adaptive Talons  
  196  9:55  Zergling x2  
  195  10:06  Zergling x2  
  195  10:07  Zergling x30  
  185  10:26  Corruptor x8  
  195  10:32  Corruptor x2  
  197  10:38  Hydralisk  
Show
View Real Time Build Order
Export as new Build Order

Harstem Protoss 

Build Orders: 1 Gate Expand, Oracle Opening, Blink Stalkers 

Get SALT Encoding   

  12  0:00  Probe  
  13  0:12  Probe  
  14  0:19  Pylon  
  14  0:24  Probe  
  15  0:33  Probe  
  15  0:38  Gateway  
  15  0:41  Probe  
  16  0:47  Assimilator  
  17  0:51  Probe  
  18  1:03  Probe  
  19  1:15  Probe  
  20  1:22  Nexus  
  20  1:33  Cybernetics Core  
  20  1:36  Probe  
  21  1:40  Assimilator  
  21  1:48  Probe  
  21  1:49  Pylon  
  22  1:59  Adept  
  22  2:00  Probe  
  23  2:10  Warp Gate  
  23  2:11  Probe  
  26  2:19  Probe  
  26  2:27  Probe  
  26  2:29  Adept  
  29  2:35  Probe  
  31  2:38  Probe, Stargate  
  32  2:47  Probe  
  32  2:51  Probe  
  34  2:59  Probe  
  34  3:03  Probe  
  36  3:11  Probe  
  36  3:12  Oracle  
  37  3:15  Probe  
  37  3:19  Nexus  
  38  3:23  Probe  
  38  3:25  Pylon  
  42  3:27  Probe  
  42  3:28  Assimilator  
  43  3:35  Probe  
  43  3:37  Gateway  
  44  3:42  Blink, Twilight Council  
  44  3:44  Probe  
  44  3:47  Probe  
  44  3:48  Gateway  
  46  3:56  Gateway, Probe  
  46  3:59  Probe  
  46  4:00  Stalker  
  50  4:08  Probe  
  50  4:09  Pylon  
  51  4:11  Probe  
  52  4:20  Probe  
  52  4:23  Probe  
  54  4:27  Stalker  
  57  4:31  Probe  
  57  4:32  Probe  
  57  4:36  Probe  
  57  4:37  Stalker  
  61  4:43  Probe  
  61  4:44  Probe  
  63  4:48  Probe  
  63  4:49  Stalker  
  63  4:51  Stalker x2  
  70  4:55  Pylon  
  70  4:56  Probe  
  70  4:59  Probe  
  72  5:00  Probe  
  72  5:05  Stalker  
  75  5:09  Probe  
  75  5:12  Pylon, Probe  
  75  5:13  Probe  
  78  5:14  Stalker x2  
  78  5:15  Stalker  
  78  5:21  Probe  
  85  5:22  Assimilator  
  85  5:29  Pylon  
  85  5:30  Probe x2  
  85  5:33  Stalker  
  85  5:35  Shield Battery  
  89  5:39  Pylon  
  89  5:42  Stalker x2  
  93  5:47  Probe  
  93  5:48  Probe  
  93  5:49  Probe  
  96  5:51  Stalker  
  98  5:57  Assimilator x2  
  98  5:59  Probe  
  98  6:00  Probe  
  98  6:01  Probe  
  101  6:06  Forge  
  101  6:08  Templar Archives  
  101  6:11  Probe, Pylon  
  102  6:16  Probe  
  102  6:17  Probe  
  104  6:21  Pylon  
  104  6:25  Zealot x3  
  108  6:26  Probe  
  108  6:28  Charge, Protoss Ground Weapons Level 1  
  108  6:30  Robotics Facility  
  109  6:33  Zealot, Psionic Storm  
  109  6:35  Gateway  
  109  6:36  Gateway  
  111  6:41  Probe  
  111  6:45  Gateway  
  111  6:46  Gateway  
  102  6:57  Zealot x2  
  102  6:58  Zealot x2  
  104  7:07  Probe  
  105  7:12  Warp Prism  
  105  7:19  Nexus  
  105  7:20  Pylon, High Templar x4  
  105  7:21  Probe  
  115  7:23  Probe  
  115  7:25  Pylon  
  115  7:26  Probe  
  115  7:27  Pylon  
  117  7:32  Zealot x2, Photon Cannon  
  117  7:33  Probe, Photon Cannon  
  117  7:36  Probe  
  123  7:38  Probe  
  124  7:44  Stalker x2  
  124  7:50  Immortal  
  122  7:54  Shield Battery  
  122  7:57  Photon Cannon  
  122  7:58  Probe x2  
  123  8:00  Probe  
  123  8:02  Fleet Beacon  
  123  8:05  Assimilator, Zealot  
  131  8:06  Stargate  
  131  8:17  Probe  
  131  8:19  Probe  
  130  8:20  Assimilator, Pylon  
  130  8:23  Zealot x6  
  142  8:28  High Templar x2  
  142  8:30  Pylon  
  142  8:33  Pylon  
  142  8:34  Archon  
  146  8:41  Protoss Ground Weapons Level 2  
  150  8:45  Tempest  
  150  8:52  Mothership  
  150  8:55  Zealot x5  
  156  9:02  Observer  
  160  9:06  Tempest  
  165  9:17  Photon Cannon  
  165  9:19  Photon Cannon  
  165  9:20  Tempest, High Templar  
  165  9:21  Shield Battery, Pylon  
  161  9:40  Immortal  
  161  9:46  Zealot x2  
  161  9:47  Tempest  
  161  9:58  Zealot x2, Sentry  
  161  9:59  Zealot x3  
  177  10:07  Zealot x2  
  152  10:18  Observer, Probe  
  152  10:20  Probe  
  146  10:21  Zealot x4  
  146  10:24  Probe  
  151  10:29  Probe  
  152  10:35  Probe  
  152  10:37  High Templar x2, Probe  
  152  10:39  Probe  
  152  10:42  Probe  
  164  10:49  Gateway  
  158  10:51  Gateway  
  158  10:56  Zealot x4  
Tags
 
Add a new tag
Caveats
  • Supply blocks, unpowered buildings, or Contaminate may cause inaccurate times.
  • Supply counts are checked every 10 seconds.